NCAA
NORTH CAROLINA STATE WOLFPACK @ TENNESSEE VOLUNTEERS
05/11/2024
 
TOP OF THE 1ST
North Carolina State Wolfpack batting - Pitching for Tennessee Volunteers : LHP Kent McKean
Pitching: LHP Kent McKean
Batting: RHB Rafael Rosário 0-0: Fly out, F8 (Line Drive, 8RM)
Batting: RHB Donald Hoover 0-0: Swinging Strike
0-1: Foul Ball, location: 2F
0-2: Fly out, F4 (Popup, 4D)
Batting: RHB Javier Morales 0-0: Ball
1-0: Ball
2-0: Called Strike
2-1: Ground out 6-3 (Groundball, 6)
Top of the 1st over - 0 run(s), 0 hit(s), 0 error(s), 0 left on base; North Carolina State 0 - Tennessee 0
BOTTOM OF THE 1ST
Tennessee Volunteers batting - Pitching for North Carolina State Wolfpack : RHP Steve Chase
Pitching: RHP Steve Chase
Batting: LHB Arnold Stewart 0-0: Ball
1-0: Reached on error, E4 (Groundball, 4)
Batting: SHB Scott Cox 0-0: Ball
1-0: Called Strike
1-1: Foul Ball, location: 2F
1-2: Ball
2-2: Foul Ball, location: 2F
2-2: SINGLE (Flyball, 9S)
Arnold Stewart to second
Runner from 2nd tries for 3rd, SAFE, no throw or cutoff
Batting: RHB Aaron Washington 0-0: Called Strike
0-1: Ball
1-1: Ball
2-1: SINGLE (Groundball, 6MD)
Arnold Stewart scores
Scott Cox to second
Batting: RHB Tanner Albert 0-0: Called Strike
0-1: Foul Ball, location: 2F
0-2: Ball
1-2: Foul Ball, location: 2F
1-2: Strikes out swinging
Batting: RHB Ken Sánchez 0-0: Called Strike
0-1: Ball
1-1: Foul Ball, location: 2F
1-2: Strikes out swinging
Batting: RHB Robert Stevens 0-0: Ball
1-0: Called Strike
1-1: Foul Ball, location: 2F
1-2: Foul Ball, location: 2F
1-2: Foul Ball, location: 2F
1-2: Fly out, F7 (Flyball, 78S)
Bottom of the 1st over - 1 run(s), 2 hit(s), 1 error(s), 2 left on base; North Carolina State 0 - Tennessee 1
TOP OF THE 2ND
North Carolina State Wolfpack batting - Pitching for Tennessee Volunteers : LHP Kent McKean
Batting: LHB Danny Bane 0-0: Swinging Strike
0-1: Ball
1-1: Ball
2-1: Foul Ball, location: 2F
2-2: Foul Ball, location: 2F
2-2: Ground out 4-3 (Groundball, 4)
Batting: RHB Richard Heath 0-0: Swinging Strike
0-1: Swinging Strike
0-2: Ball
1-2: Strikes out swinging
Batting: LHB Frank Jackson 0-0: Foul Ball, location: 2F
0-1: Ball
1-1: Ball
2-1: Ball
3-1: Base on Balls
Batting: RHB Dennis Mays 0-0: Foul Ball, location: 2F
0-1: Ball
1-1: Called Strike
1-2: Strikes out looking
Top of the 2nd over - 0 run(s), 0 hit(s), 0 error(s), 1 left on base; North Carolina State 0 - Tennessee 1
BOTTOM OF THE 2ND
Tennessee Volunteers batting - Pitching for North Carolina State Wolfpack : RHP Steve Chase
Batting: RHB Juan Corvarubia 0-0: Called Strike
0-1: Ball
1-1: Ball
2-1: Called Strike
2-2: Foul Ball, location: 2F
2-2: Ball
3-2: Foul Ball, location: 2F
3-2: Fly out, F9 (Flyball, 9S)
Batting: RHB Michael Sawyer 0-0: Called Strike
0-1: Called Strike
0-2: Ball
1-2: Foul Ball, location: 2F
1-2: Strikes out swinging
Batting: RHB Kevin Manning 0-0: Ball
1-0: Called Strike
1-1: Ball
2-1: Swinging Strike
2-2: Strikes out swinging
Bottom of the 2nd over - 0 run(s), 0 hit(s), 0 error(s), 0 left on base; North Carolina State 0 - Tennessee 1
TOP OF THE 3RD
North Carolina State Wolfpack batting - Pitching for Tennessee Volunteers : LHP Kent McKean
Batting: RHB Scott Lee 0-0: Fly out, F3 (Popup, 3SF)
Batting: RHB David Vélez 0-0: Ball
1-0: Ball
2-0: Ball
3-0: Base on Balls
Batting: RHB Rafael Rosário 0-0: Ball
1-0: Swinging Strike
David Vélez steals 2nd base
1-1: SINGLE (Line Drive, 9S)
David Vélez to third
Batting: RHB Donald Hoover 0-0: Called Strike
0-1: Ball
Rafael Rosário is caught stealing 2nd base
1-1: Called Strike
1-2: Ball
2-2: DOUBLE (Groundball, 5L)
David Vélez scores
Batting: RHB Javier Morales 0-0: Ball
1-0: Called Strike
1-1: Foul Ball, location: 2F
1-2: Strikes out swinging
Top of the 3rd over - 1 run(s), 2 hit(s), 0 error(s), 1 left on base; North Carolina State 1 - Tennessee 1
BOTTOM OF THE 3RD
Tennessee Volunteers batting - Pitching for North Carolina State Wolfpack : RHP Steve Chase
Batting: LHB Arnold Stewart 0-0: Fly out, F8 (Flyball, 8LD)
Batting: SHB Scott Cox 0-0: Ball
1-0: Ground out 4-3 (Groundball, 4)
Batting: RHB Aaron Washington 0-0: Foul Ball, location: 2F
0-1: Ground out 5-3 (Groundball, 5S)
Bottom of the 3rd over - 0 run(s), 0 hit(s), 0 error(s), 0 left on base; North Carolina State 1 - Tennessee 1
TOP OF THE 4TH
North Carolina State Wolfpack batting - Pitching for Tennessee Volunteers : LHP Kent McKean
Batting: LHB Danny Bane 0-0: Called Strike
0-1: Swinging Strike
0-2: Strikes out swinging
Batting: RHB Richard Heath 0-0: Foul Ball, location: 2F
0-1: Ball
1-1: Foul Ball, location: 2F
1-2: Ball
2-2: Ground out 1-3 (Groundball, 34S)
Batting: LHB Frank Jackson 0-0: Ball
1-0: Ball
2-0: Ball
3-0: Base on Balls
Batting: RHB Dennis Mays 0-0: Called Strike
0-1: Ball
1-1: Foul Ball, location: 2F
1-2: Strikes out swinging
Top of the 4th over - 0 run(s), 0 hit(s), 0 error(s), 1 left on base; North Carolina State 1 - Tennessee 1
BOTTOM OF THE 4TH
Tennessee Volunteers batting - Pitching for North Carolina State Wolfpack : RHP Steve Chase
Batting: RHB Tanner Albert 0-0: Called Strike
0-1: Swinging Strike
0-2: Ball
1-2: Ball
2-2: Ball
3-2: Fly out, F9 (Flyball, 9D)
Batting: RHB Ken Sánchez 0-0: Called Strike
0-1: Fly out, F7 (Flyball, 7S)
Batting: RHB Robert Stevens 0-0: Called Strike
0-1: SINGLE (Groundball, 6MD)
Batting: RHB Juan Corvarubia 0-0: Ball
1-0: Swinging Strike
1-1: Foul Ball, location: 2F
1-2: Ball
2-2: Ball
3-2: 2-RUN HOME RUN (Flyball, 78XD), Distance : 390 ft
Batting: RHB Michael Sawyer 0-0: Ball
1-0: Swinging Strike
1-1: Ball
2-1: Ball
3-1: Base on Balls
Batting: RHB Kevin Manning 0-0: Fly out, F9 (Flyball, 9M)
Bottom of the 4th over - 2 run(s), 2 hit(s), 0 error(s), 1 left on base; North Carolina State 1 - Tennessee 3
TOP OF THE 5TH
North Carolina State Wolfpack batting - Pitching for Tennessee Volunteers : LHP Kent McKean
Batting: RHB Scott Lee 0-0: Ball
1-0: Ball
2-0: Called Strike
2-1: Ball
3-1: SOLO HOME RUN (Flyball, 7D), Distance : 353 ft
Batting: RHB David Vélez 0-0: Called Strike
0-1: Called Strike
0-2: Fly out, F7 (Flyball, 7LM)
Batting: RHB Rafael Rosário 0-0: Swinging Strike
0-1: Foul Ball, location: 2F
0-2: SINGLE (Line Drive, 7LS)
Batting: RHB Donald Hoover 0-0: Ball
1-0: Called Strike
1-1: Ball
2-1: Ball
3-1: Base on Balls
Rafael Rosário to second
Batting: RHB Javier Morales 0-0: Called Strike
0-1: Grounds into double play, U6-3 (Groundball, 6M)
Top of the 5th over - 1 run(s), 2 hit(s), 0 error(s), 1 left on base; North Carolina State 2 - Tennessee 3
BOTTOM OF THE 5TH
Tennessee Volunteers batting - Pitching for North Carolina State Wolfpack : RHP Steve Chase
Batting: LHB Arnold Stewart 0-0: Ball
1-0: Foul Ball, location: 2F
1-1: Swinging Strike
1-2: Strikes out swinging
Batting: SHB Scott Cox 0-0: Ball
1-0: Called Strike
1-1: Ball
2-1: Ground out 4-3 (Groundball, 4M)
Batting: RHB Aaron Washington 0-0: Ball
1-0: Called Strike
1-1: Ground out 4-3 (Groundball, 4M)
Bottom of the 5th over - 0 run(s), 0 hit(s), 0 error(s), 0 left on base; North Carolina State 2 - Tennessee 3
TOP OF THE 6TH
North Carolina State Wolfpack batting - Pitching for Tennessee Volunteers : LHP Kent McKean
Batting: LHB Danny Bane 0-0: Ball
1-0: Ball
2-0: Ball
3-0: Called Strike
3-1: Called Strike
3-2: SOLO HOME RUN (Flyball, 7D), Distance : 353 ft
Pitching: RHP Ken Bryant
Batting: RHB Richard Heath 0-0: Called Strike
0-1: Ball
1-1: Called Strike
1-2: Ball
2-2: Ball
3-2: Base on Balls
Batting: LHB Frank Jackson 0-0: Called Strike
0-1: Ball
1-1: Foul Ball, location: 2F
1-2: Ball
2-2: SINGLE (Flyball, 7LM)
Richard Heath to second
Batting: RHB Dennis Mays 0-0: SINGLE (Line Drive, 4MD)
Richard Heath to third
Frank Jackson to second
Batting: RHB Scott Lee 0-0: Called Strike
0-1: Ball
1-1: Called Strike
1-2: Strikes out swinging
Batting: RHB David Vélez 0-0: Ball
1-0: Ball
2-0: Ball
3-0: Called Strike
3-1: Base on Balls
Richard Heath scores
Frank Jackson to third
Dennis Mays to second
Batting: RHB Rafael Rosário 0-0: Foul Ball, location: 2F
0-1: Swinging Strike
0-2: Ball
1-2: Strikes out looking
Batting: RHB Donald Hoover 0-0: Ball
1-0: Ball
2-0: Foul Ball, location: 2F
2-1: Swinging Strike
2-2: Fly out, F9 (Flyball, 8RM)
Top of the 6th over - 2 run(s), 3 hit(s), 0 error(s), 3 left on base; North Carolina State 4 - Tennessee 3
BOTTOM OF THE 6TH
Tennessee Volunteers batting - Pitching for North Carolina State Wolfpack : RHP Steve Chase
Pitching: RHP Alan Mayes
Batting: RHB Tanner Albert 0-0: Ball
1-0: Ball
2-0: Ball
3-0: Base on Balls
Batting: RHB Ken Sánchez 0-0: Swinging Strike
0-1: Ball
1-1: Ball
2-1: Ground out 4-3 (Groundball, 4MS)
Tanner Albert to second
Batting: RHB Robert Stevens 0-0: Called Strike
0-1: Ball
Wild Pitch!
Tanner Albert to third
1-1: Called Strike
1-2: Hit by Pitch
Batting: RHB Juan Corvarubia 0-0: Foul Ball, location: 2F
0-1: Foul Ball, location: 2F
0-2: Ball
1-2: Ball
2-2: Foul Ball, location: 2F
2-2: Ball
3-2: Base on Balls
Robert Stevens to second
Batting: RHB Michael Sawyer 0-0: Ball
1-0: Ball
2-0: Called Strike
2-1: Fly out, F7 (Flyball, 7M)
Runner from 3rd tags up, SCORES, throw made
Batting: RHB Kevin Manning 0-0: Called Strike
0-1: Called Strike
0-2: Strikes out looking
Bottom of the 6th over - 1 run(s), 0 hit(s), 0 error(s), 2 left on base; North Carolina State 4 - Tennessee 4
TOP OF THE 7TH
North Carolina State Wolfpack batting - Pitching for Tennessee Volunteers : RHP Ken Bryant
Batting: RHB Javier Morales 0-0: Foul Ball, location: 2F
0-1: SINGLE (Flyball, 9LS)
Batting: LHB Danny Bane 0-0: Ball
1-0: SINGLE (Groundball, 5D)
Javier Morales to second
Batting: RHB Richard Heath 0-0: Called Strike
0-1: Called Strike
0-2: Strikes out swinging
Batting: LHB Frank Jackson 0-0: Ball
1-0: Foul Ball, location: 2F
1-1: Ball
2-1: TRIPLE (Line Drive, 78M)
Javier Morales scores
Danny Bane scores
Batting: RHB Dennis Mays 0-0: Intentional Walk
Pitching: LHP Josh Gibson
Batting: RHB Scott Lee 0-0: Ball
1-0: 3-RUN HOME RUN (Flyball, 7D), Distance : 346 ft
Pitching: RHP Victor Miller
Batting: RHB David Vélez 0-0: Ball
1-0: Swinging Strike
1-1: Ball
2-1: Ball
3-1: Base on Balls
Batting: RHB Rafael Rosário 0-0: Ball
1-0: 2-RUN HOME RUN (Flyball, 78XD), Distance : 363 ft
Pitching: LHP Stephen Bernard
Batting: RHB Donald Hoover 0-0: Foul Ball, location: 2F
0-1: Ball
1-1: Foul Ball, location: 2F
1-2: Strikes out looking
Batting: RHB Javier Morales 0-0: Swinging Strike
0-1: Ball
1-1: Ground out 6-3 (Groundball, 56)
Top of the 7th over - 7 run(s), 5 hit(s), 0 error(s), 0 left on base; North Carolina State 11 - Tennessee 4
BOTTOM OF THE 7TH
Tennessee Volunteers batting - Pitching for North Carolina State Wolfpack : RHP Alan Mayes
Batting: LHB Arnold Stewart 0-0: DOUBLE (Flyball, 8RM)
Batting: SHB Scott Cox 0-0: Ball
1-0: Called Strike
1-1: Ball
2-1: Ball
3-1: Called Strike
3-2: Base on Balls
Batting: RHB Aaron Washington 0-0: Swinging Strike
0-1: Ball
Scott Cox is caught stealing 2nd base
1-1: Called Strike
1-2: Ground out 6-3 (Groundball, 6M)
Arnold Stewart scores
Batting: RHB Tanner Albert 0-0: Called Strike
0-1: Foul Ball, location: 2F
0-2: Foul Ball, location: 2F
0-2: Foul Ball, location: 2F
0-2: Ball
1-2: Strikes out swinging
Bottom of the 7th over - 1 run(s), 1 hit(s), 0 error(s), 0 left on base; North Carolina State 11 - Tennessee 5
TOP OF THE 8TH
North Carolina State Wolfpack batting - Pitching for Tennessee Volunteers : LHP Stephen Bernard
Batting: LHB Danny Bane 0-0: Ball
1-0: Ball
2-0: Ball
3-0: Called Strike
3-1: SINGLE (Groundball, 5D)
Batting: RHB Richard Heath 0-0: Foul Ball, location: 2F
Balk!
Danny Bane to second
0-1: Ball
1-1: Fly out, F9 (Flyball, 9LM)
Batting: LHB Frank Jackson 0-0: Ball
1-0: Ball
2-0: Called Strike
2-1: Fly out, F7 (Flyball, 7S)
Batting: RHB Dennis Mays 0-0: Ground out 6-3 (Groundball, 6M)
Top of the 8th over - 0 run(s), 1 hit(s), 0 error(s), 1 left on base; North Carolina State 11 - Tennessee 5
BOTTOM OF THE 8TH
Tennessee Volunteers batting - Pitching for North Carolina State Wolfpack : RHP Alan Mayes
Pitching: RHP Boyd Puckett
Now at 3B: Bryan Lambert
Now in RF: Dawson Fowler
Batting: RHB Ken Sánchez 0-0: Ball
1-0: SOLO HOME RUN (Flyball, 8LXD), Distance : 383 ft
Batting: RHB Robert Stevens 0-0: Ball
1-0: Called Strike
1-1: Ball
2-1: Called Strike
2-2: Strikes out swinging
Batting: RHB Juan Corvarubia 0-0: Ball
1-0: Ground out 6-3 (Groundball, 6)
Batting: RHB Michael Sawyer 0-0: Ball
1-0: Called Strike
1-1: Called Strike
1-2: Strikes out swinging
Bottom of the 8th over - 1 run(s), 1 hit(s), 0 error(s), 0 left on base; North Carolina State 11 - Tennessee 6
TOP OF THE 9TH
North Carolina State Wolfpack batting - Pitching for Tennessee Volunteers : LHP Stephen Bernard
Batting: RHB Scott Lee 0-0: Called Strike
0-1: Ball
1-1: Ball
2-1: Foul Ball, location: 2F
2-2: Ball
3-2: Base on Balls
Batting: RHB David Vélez 0-0: Ball
1-0: Ball
2-0: Bunted foul
2-1: Sac Bunt - play at first, batter OUT! 2-4
Scott Lee to second
Batting: RHB Rafael Rosário 0-0: Called Strike
0-1: Foul Ball, location: 2F
0-2: Ball
1-2: Ball
2-2: Hit by Pitch
Batting: RHB Donald Hoover 0-0: Ball
1-0: SINGLE (Groundball, 6D)
Scott Lee to third
Rafael Rosário to second
Runner from 3rd tries for Home, SAFE, throw made home
Batting: RHB Javier Morales 0-0: Ball
1-0: Called Strike
Rafael Rosário steals 3rd base
Donald Hoover to second
1-1: Swinging Strike
1-2: DOUBLE (Flyball, 7D)
Rafael Rosário scores
Donald Hoover scores
Batting: RHB Bryan Lambert 0-0: SINGLE (Line Drive, 6D)
Javier Morales to third
Batting: RHB Richard Heath 0-0: Called Strike
0-1: TRIPLE (Flyball, 7M)
Javier Morales scores
Bryan Lambert scores
Pitching: RHP Dale Hall
Batting: SHB Dawson Fowler 0-0: Ball
1-0: Foul Ball, location: 2F
1-1: SINGLE (Groundball, 34D) (infield hit)
Richard Heath scores
Batting: RHB Dennis Mays 0-0: Ball
1-0: Ball
2-0: Called Strike
2-1: Ball
3-1: Foul Ball, location: 2F
3-2: Strikes out swinging
Batting: RHB Scott Lee 0-0: Ball
1-0: Ball
2-0: Ball
3-0: Called Strike
3-1: Called Strike
3-2: Foul Ball, location: 2F
3-2: Base on Balls
Dawson Fowler to second
Batting: RHB David Vélez 0-0: Called Strike
0-1: Ball
1-1: Foul Ball, location: 2F
1-2: Strikes out swinging
Top of the 9th over - 6 run(s), 5 hit(s), 0 error(s), 2 left on base; North Carolina State 17 - Tennessee 6
BOTTOM OF THE 9TH
Tennessee Volunteers batting - Pitching for North Carolina State Wolfpack : RHP Boyd Puckett
Batting: RHB Kevin Manning 0-0: Ball
1-0: Fly out, F6 (Popup, 6)
Pinch Hitting: RHB Courtnay Beck 0-0: Ground out 6-3 (Groundball, 6M)
Batting: SHB Scott Cox 0-0: Ground out 4-3 (Groundball, 4S)
Bottom of the 9th over - 0 run(s), 0 hit(s), 0 error(s), 0 left on base; North Carolina State 17 - Tennessee 6
This league is powered by Out of the Park Baseball, the baseball management simulation game for PC, Mac and Linux
Saturday, April 9th, 2016 - OOTP Baseball 16.8 Build 38